 Dungeon Crawl Stone Soup version 0.27-a0-1202-ge72e49191c (webtiles) character file.

Game seed: 1606391362272183274

2 Delamore the Shield-Bearer (level 1, 0/18 HPs)
             Began as a Formicid Fighter on June 4, 2021.
             Slain by a jackal (1 damage)
             ... on level 1 of the Dungeon.
             The game lasted 00:00:23 (69 turns).

Delamore the Shield-Bearer (Formicid Fighter)         Turns: 69, Time: 00:00:24

Health: 0/18       AC:  6    Str: 20    XL:     1   Next: 44%
Magic:  1/1        EV:  7    Int:  7    God:
Gold:   0          SH:  9    Dex: 10    Spells: 0/0 levels left

rFire    . . .     SeeInvis +   a - +0 trident
rCold    . . .     Faith    .   c - +0 kite shield
rNeg     . . .     Spirit   .   b - +0 scale mail
rPois    .         Reflect  .   (helmet unavailable)
rElec    .         Harm     .   (no cloak)
rCorr    .         Rampage  .   (no gloves)
Will     .....                  (no boots)
Stlth    ..........             (no amulet)
HPRegen  0.06/turn              (no ring)
MPRegen  0.07/turn              (no ring)

@: no status effects
A: permanent stasis, dig shafts and tunnels, antennae 3, four strong arms
a: Dig, Shaft Self


You were on level 1 of the Dungeon.
You visited 1 branch of the dungeon, and saw 1 of its levels.

Inventory:

Hand Weapons
 a - a +0 trident (weapon)
Armour
 b - a +0 scale mail (worn)
 c - a +0 kite shield (worn)
Potions
 d - a potion of might


   Skills:
 + Level 3.3 Fighting
 * Level 2.1 Polearms
 - Level 3.2 Armour
 - Level 3.6 Shields


You couldn't memorise any spells.
You didn't know any spells.
Your spell library was empty.

Dungeon Overview and Level Annotations

Branches:
Dungeon (1/15)

Altars:


Innate Abilities, Weirdness & Mutations

You cannot be hasted, slowed, berserked, paralysed or teleported.
You can dig through walls and to a lower floor.
You have a pair of large antennae on your head. (SInv)
Your four strong arms can wield two-handed weapons with a shield.


Message History

The jackal closely misses you. You block the jackal's attack.
The jackal barely misses you.
You enter the shallow water.
Moving in this stuff is going to be slow.
The jackal splashes around in the water.
You block the jackal's attack.
The jackal splashes around in the water.
The jackal bites you but does no damage.
The jackal splashes around in the water.
You block the jackal's attack. The jackal closely misses you.
There is an open door here.
You are too injured to fight recklessly!
You are too injured to fight recklessly!
You are too injured to fight recklessly!
You puncture the jackal!
You kill the jackal!
The dart slug launches a dart at you. The slug dart hits you.
* * * LOW HITPOINT WARNING * * *
You barely miss the jackal. You block the jackal's attack.
The dart slug launches a dart at you. You block the slug dart.
The jackal bites you but does no damage.
You barely miss the jackal. You block the jackal's attack.
Your shield and scale mail prevent you from hitting the jackal.
The jackal splashes around in the water.
The quokka twitches its whiskers.
The jackal closely misses you. The dart slug launches a dart at you.
The slug dart hits you but does no damage.
There is an open door here.
The jackal bites you but does no damage.
You closely miss the jackal.
The jackal bites you but does no damage.
The jackal bites you.
* * * LOW HITPOINT WARNING * * *
You closely miss the jackal. The jackal bites you.
You die...

.......................#
≈≈≈≈≈≈≈wh≈≈≈≈≈≈≈≈...#.##
≈≈≈≈≈≈≈≈≈≈≈≈r≈≈≈≈.......
≈≈≈≈≈≈≈≈≈≈≈≈≈≈≈≈≈....#
#≈≈≈≈≈≈≈#'#'#≈≈≈....#
##+###'##..>'≈≈≈....#
#.......#...'≈≈≈....#
#.#####.#h#'#≈≈≈....#
#...#.@.#†≈≈≈.....#
#.<.'.⌠.+≈≈≈..⌠...#
#...'.⌠.+≈≈≈..⌠...#
#...#...#≈≈≈≈....##
#####.###+#≈≈≈...# ..+
+≈≈≈...# #+## +≈≈≈...#
#≈≈≈...# ≈≈≈≈...#


You could see a jackal.

Vanquished Creatures
  2 jackals (D:1)
2 creatures vanquished.

Notes
Turn   | Place    | Note
-------+----------+-------------------------------------------
     0 | D:1      | Delamore the Formicid Fighter began the quest for the Orb.
     0 | D:1      | Reached XP level 1. HP: 18/18 MP: 1/1
    69 | D:1      | Slain by a jackal

Illustrated notes

Levels and vault maps discovered:
D:1:      dpeg_arrival_castle, layout_basic, st_stairs_9, moated_statue,
          amethyst_killhole, hangedman_decor_clover_reticule

Action                   || total
-------------------------++-------
Melee: Trident           ||    16
Armor: Scale mail        ||    15
Dodge: Dodged            ||    10
Block: Kite shield       ||    14

Table legend: (Time is in decaauts)
 A = Elapsed time spent in this place.
 B = Non-inter-level travel time spent in this place.
 C = Inter-level travel time spent in this place.
 D = Time resting spent in this place.
 E = Time spent auto-exploring this place.
 F = Levels seen in this place.
 G = Mean time per level.
                   A        B        C        D        E       F      G
               +--------+--------+--------+--------+--------+-----+--------+
         Total |     80 |     80 |      0 |      0 |     17 |   1 |   80.0 |
       Dungeon |     80 |     80 |      0 |      0 |     17 |   1 |   80.0 |
               +--------+--------+--------+--------+--------+-----+--------+

Top non-repeatable levels by time:
     D:1: 80 daAuts
